Schmensch, chaotic female elven Wizard ---- ---- |..| --..--- --- --- |..---- |.....-- ---..---..| |...|.-- ---- |......---.........| |.|.|..--- |..-- --.|.............- --------|.|......--- |...-- --|.---.........| |......--[|-.%.....-- ---- --^..|-------.| |...s.....-- |..|......||........| |*.--- |-..--.......| ---@.......- --.|-....--|...)....| |....-----....%....---- -..........- |.|------ |......).-------..............-| ......--....| --|.| ----.......|.-----.............| -..---- - ..| ---.|<| --.........|.|..........--.----------- - |.)...------ --...........%...................| |..........-- ---.--....%).........---------- - --...........| -----..-----........| |.....)......| |.....-- ----....-- --.....|..---- ---|.----- --..-- ---...|..| |..|.| ---- |..----- |....| ---- ------ Schmensch the Wizard Experience level: 9 Strength: 13 Dexterity: 9 Constitution: 15 Intelligence: 17 Wisdom: 19 Charisma: 9 Health: 0(63) Energy: 129(136) Def: 4 Gold: 0 Moves: 12280 Dungeon seed [set]: Game ID: Schmensch_1676120416 Your Inventory: Weapons P - the uncursed +0 Sting (weapon in hand) Armor n - an uncursed +0 studded leather armor (being worn) r - an uncursed +0 pair of elven boots (being worn) Comestibles U - an uncursed lizard corpse Potions E - an uncursed potion of paralysis G - an uncursed potion of gain level V - a cursed potion of invisibility Rings b - an uncursed ring of teleport control (on left hand) e - an uncursed ring of invisibility (on right hand) j - an uncursed +1 ring of increase damage H - a cursed ring of polymorph I - an uncursed ring of sustain ability K - an uncursed ring of warning N - an uncursed ring of free action X - an uncursed ring of polymorph control Wands h - an uncursed wand of locking (0:3) F - an uncursed wand of make invisible (0:3) Tools a - an uncursed lock pick l - an uncursed oil lamp (lit) (0:810) y - an uncursed sack A - an uncursed -2 unicorn horn C - an uncursed magic whistle D - an uncursed blindfold Gems W - an uncursed touchstone Contents of the sack: 3490 gold pieces 8 blessed [+0] darts 5 uncursed food rations 2 uncursed fortune cookies 3 uncursed lichen corpses an uncursed tripe ration an uncursed scroll of blank paper a blessed scroll of create monster a blessed scroll of earth an uncursed scroll of earth 2 uncursed scrolls of enchant weapon a cursed scroll of light a blessed scroll of magic mapping an uncursed scroll of magic mapping 2 uncursed scrolls of scare monster an uncursed potion of gain ability 3 uncursed potions of water a cursed ring of aggravate monster a cursed [-2] ring of gain constitution an uncursed wand of enlightenment [0:10] an uncursed wand of lightning [0:4] an uncursed wand of nothing (0:4) an uncursed wand of sleep [0:4] a blessed brass lantern [0:1066] an uncursed jacinth an uncursed turquoise Spells and supernatural/magical abilities: Name Level Category Fail Memory a - force bolt 1 attack 0% 39% b - sleep 2 enchantment 0% 40% c - magic missile 2 attack 0% 69% l - light 1 divination 0% 39% W - pray for help -- divine ? -- Your skills at the end: Miscellaneous Skills wands [Basic] stealth [Expert] Weapon Skills dagger [Basic] quarterstaff [Basic] Spellcasting Skills attack spells [Skilled] enchantment spells [Basic] Final Attributes: You were piously aligned. You were cold resistant. You were sleep resistant. You were poison resistant. Your writing hand was ok. You saw invisible. You were telepathic. You were aware of the presence of orcs. You had infravision. You were invisible to others. You were very stealthy. You had teleport control. You are dead. Vanquished creatures: 2 baby orange dragons a mind flayer 3 giant mimics a warg a warhorse a wood golem 2 werebears a tiger a tengu a black bear 4 giant beetles a wolf a winter wolf cub 2 panthers a leprechaun a lizard an orc-captain 2 vampire bats 2 gnome kings a yeti a dog 2 water nymphs a white unicorn a plains centaur 9 pit vipers 2 apes a human zombie 2 yellow lights 11 Mordor orcs a rock mole 3 rock piercers 2 ponies 2 shriekers 8 gnome lords a red naga hatchling a gray ooze a ghoul 6 giant ants a puppy 4 floating eyes 2 kittens 12 dwarves a quasit a kobold lord an iguana 3 rothes 2 jitterbugs an orc zombie 4 dwarf zombies 28 killer bees 4 coyotes 2 gas spores 7 hobbits 5 acid blobs a large kobold 6 geckos 2 hobgoblins 4 giant rats 2 cave spiders 2 brown molds 2 yellow molds 3 green molds 2 red molds 34 gnomes a garter snake 5 manes a gnome zombie 10 jackals 10 foxes 7 newts 4 goblins 4 sewer rats 10 grid bugs 4 bats 6 lichens 3 kobold zombies 286 creatures vanquished. Voluntary challenges: You did not cause conflict. You were not invisible. You did not have reflection. You were not displaced. You had been an atheist until turn 3519. You did not donate to any temples.. You used a wielded weapon 153 times, starting on turn 142. You did not use sinks. You read items or engraved 8 times, starting on turn 247. You never genocided any monsters. You never polymorphed an object. You changed form 1 time, starting on turn 4204. You cheated 1 time but completed Sokoban on turn 8764. You used no wishes. You did not wear or wield any artifacts. You did not apply or invoke any artifacts. You never split a pudding. You wrote Elbereth's name 3 times, starting on turn 2642. You violated your moral code, losing 1 point of alignment, starting on turn 2629. Dungeon overview: The Dungeons of Doom: levels 1 to 9 Level 1 a vault, a fountain, a sink a long staircase Level 2 a vault Level 3 a vault, a sink Level 4 a vault stairs to The Gnomish Mines Level 5 a fountain Level 6 a potion shop Level 7 some fountains Level 8 a vault stairs to Sokoban Level 9 some fountains The Gnomish Mines: levels 5 to 9 Level 5 stairs to The Dungeons of Doom Level 6 Level 7 many shops, a temple to Thoth, a magic chest, some fountains Level 8 Level 9 <- You were here Sokoban: levels 4 to 7 Level 4 a magic chest Level 5 a sink Level 6 Level 7 a magic chest stairs to The Dungeons of Doom History has recorded: On T:1 you entered the Dungeons of Doom to retrieve the Amulet of Yendor! On T:507 you reached level 2 of The Dungeons of Doom. On T:1056 you reached level 3 of The Dungeons of Doom. On T:1066 you advanced to experience level 2. On T:1337 you advanced to experience level 3. On T:1530 you reached level 4 of The Dungeons of Doom. On T:1671 you advanced to experience level 4. On T:1912 you reached level 5 of The Dungeons of Doom. On T:2272 you advanced to experience level 5. On T:2610 you reached level 1 of The Gnomish Mines. On T:2720 you reached level 6 of The Dungeons of Doom. On T:3180 you advanced to experience level 6. On T:3510 you advanced to experience level 7. On T:3519 you prayed to Anhur. On T:3581 you reached level 7 of The Dungeons of Doom. On T:4872 you reached level 8 of The Dungeons of Doom. On T:4953 you reached level 9 of The Dungeons of Doom. On T:5068 you advanced to experience level 8. On T:5716 you reached level 4 of Sokoban. On T:5909 you opened a magic chest. On T:6273 you reached level 3 of Sokoban. On T:7243 you reached level 2 of Sokoban. On T:7913 you reached level 1 of Sokoban. On T:8764 you entered the Sokoban zoo. On T:8787 you advanced to experience level 9. On T:9608 you reached level 2 of The Gnomish Mines. On T:9991 you reached level 3 of The Gnomish Mines. On T:10670 you entered the Minetown temple On T:11112 you reached level 4 of The Gnomish Mines. On T:11965 you reached level 5 of The Gnomish Mines. Score breakdown: Gold: 3490 ( 349 points) Experience: 9 levels ( 800 points) Exploration: 9 levels ( 240 points) Discoveries: 44 items ( 2000 points) Variety of kills: 76 monsters ( 2000 points) Major goal: finished Sokoban ( 1000 points) Survival: died (score multiplied by 3) Total score: 19167 Latest messages: The magic missile bounces! (2x) The giant spider bumps right into you! You stab the giant spider. The giant spider misses. The giant spider moves its spinnerets around you. The web sticks you to the floor. The giant spider bites! The giant spider moves its spinnerets around you. The giant spider bites! The giant spider moves its spinnerets around you. You miss the giant spider. The giant spider bites! The giant spider moves its spinnerets around you. The giant spider bites! The giant spider moves its spinnerets around you. The magic missile hits the giant spider! The magic missile bounces! The giant spider bites! The giant spider's bite was poisoned, but it doesn't affect you. The giant spider moves its spinnerets around you. The giant spider bites! The giant spider's bite was poisoned, but it doesn't affect you. The giant spider moves its spinnerets around you. The giant spider bites! You die... Final status: Goodbye Schmensch the Wizard, killed by a giant spider... You died in The Gnomish Mines on dungeon level 9 with 19167 points, and 3490 pieces of gold, after 12280 moves. You were level 9 with a maximum of 63 hit points when you died.